 Dungeon Crawl Stone Soup version 0.30-a0-830-gfe289a77b0 (webtiles) character file.

Game seed: 3531545261050945933

76 Juicyj the Skirmisher (level 4, -9/32 HPs)
             Began as a Gnoll Wanderer on Feb 28, 2023.
             Killed by divine providence
             ... invoked by an orc priest
              (13 damage)
             ... on level 3 of the Dungeon.
             The game lasted 00:02:47 (1610 turns).

Juicyj the Skirmisher (Gnoll Wanderer)              Turns: 1610, Time: 00:02:48

Health: -9/32      AC: 13    Str:  9    XL:     4   Next: 32%
Magic:  11/11      EV:  4    Int: 11    God:
Gold:   205        SH:  0    Dex: 16    Spells: 13/13 levels left

rFire   . . .      SeeInvis .    h - +2 dagger (speed)
rCold   . . .      Faith    .    (no shield)
rNeg    . . .      Spirit   .    i - +4 chain mail
rPois   .          Reflect  .    (no helmet)
rElec   .          Harm     .    (no cloak)
rCorr   .          Rampage  .    (no gloves)
Will    .....                    b - +0 pair of boots Stlth
                                 (no amulet)
HPRegen 0.25/turn                (no ring)
MPRegen 0.12/turn                (no ring)

@: no status effects
A: fangs 1, strong nose, distributed training
a: no special abilities


You were on level 3 of the Dungeon.
You visited 1 branch of the dungeon, and saw 3 of its levels.

You collected 205 gold pieces.

Inventory:

Hand Weapons
 a - a +2 sling
 h - a +2 dagger of speed (weapon)
Missiles
 j - 10 poisoned darts
Armour
 b - a +0 pair of boots (worn)
 d - a +0 robe
 i - a +4 chain mail (worn)
Wands
 g - a wand of charming (7)
Scrolls
 f - a scroll of fog
 k - a scroll of identify
Potions
 c - 2 potions of attraction
 e - 2 potions of cancellation


   Skills:
 + Level 1.1 Fighting
 + Level 1.1 Short Blades
 + Level 1.1 Long Blades
 + Level 1.1 Axes
 + Level 1.1 Maces & Flails
 + Level 1.1 Polearms
 + Level 1.1 Staves
 + Level 8.5 Ranged Weapons
 + Level 1.1 Throwing
 + Level 1.1 Armour
 + Level 4.6 Dodging
 + Level 2.5 Stealth
 + Level 1.1 Shields
 + Level 1.1 Unarmed Combat
 + Level 5.1 Spellcasting
 + Level 0.9 Conjurations
 + Level 0.9 Hexes
 + Level 0.9 Summonings
 + Level 0.9 Necromancy
 + Level 0.9 Translocations
 + Level 0.9 Transmutations
 + Level 0.9 Fire Magic
 + Level 0.9 Ice Magic
 + Level 0.9 Air Magic
 + Level 0.9 Earth Magic
 + Level 2.2 Poison Magic
 + Level 1.2 Invocations
 + Level 1.1 Evocations


You had 13 spell levels left.
You didn't know any spells.
Your spell library contained the following spells:

 Spells                   Type           Power      Damage    Failure   Level
 Cigotuvi's Dreadful Rot  Necr/Pois/Air  10%        N/A       100%        2
 Poisonous Vapours        Pois/Air       12%        N/A       100%        2


Dungeon Overview and Level Annotations

Branches:
Dungeon (3/15)

Altars:
Kikubaaqudgha

Shops:
D:2 ?(


Innate Abilities, Weirdness & Mutations

You have very sharp teeth.
Your uncanny sense of smell can sniff out nearby items.
Your experience applies equally to all skills.


Message History

You kill the bat!
You hear a shout!
An orc priest comes into view. It is wielding a +0 mace.
A frilled lizard comes into view.
An orc comes into view. It is wielding a +0 short sword.
You shoot a sling bullet.
The sling bullet closely misses the orc. x2
The sling bullet closely misses the orc priest.
The orc shouts!
The frilled lizard hisses angrily.
You shoot a sling bullet.
The sling bullet hits the orc but does no damage.
The orc priest invokes the aid of Beogh against you.
Beogh smites you!
You shoot a sling bullet. The sling bullet barely misses the orc.
The orc hits you but does no damage.
You shoot a sling bullet. The sling bullet hits the orc.
The orc is moderately wounded.
The orc priest miscasts a cantrip.
The orc hits you but does no damage.
You shoot a sling bullet. The sling bullet hits the orc!
You kill the orc!
The orc hits you but does no damage.
The orc wizard hits you with a +0 dagger.
You shoot a sling bullet. The sling bullet hits the orc wizard.
The orc wizard is moderately wounded.
The orc hits you but does no damage.
The orc priest mumbles some strange prayers to Beogh against you.
Beogh smites you!
* * * LOW HITPOINT WARNING * * *
The orc wizard hits you but does no damage.
The orc hits you from afar with a +0 trident.
* * * LOW HITPOINT WARNING * * *
The orc priest looks satisfied for a moment.
You are too injured to fight recklessly!
Your hands tingle!
h - a +2 dagger of speed (weapon)
The orc barely misses you. The frilled lizard barely misses you.
The orc priest invokes the aid of Beogh against you.
Beogh smites you!
You die...

#########
[.......#######
..............#
#######.#####.#####
#.# #.#...
#######.#####.#.####.#
..............@o.†....
#######.#####.#l<.####
#.#####.#.o..... #
#.....#.#.####.# #
#####.#.#o. . #
#.#.#.. #.#.#... #
#.#. .## # #.# ∆


You could see an orc priest, an orc wizard, an orc and a frilled lizard.

Vanquished Creatures
  3 adders
  4 dart slugs
  An orc (D:3)
  3 endoplasms
  4 giant cockroaches
  4 goblins
  2 hobgoblins
  A quokka (D:1)
  4 ball pythons
  8 bats
  4 rats
38 creatures vanquished.

Notes
Turn   | Place    | Note
-------+----------+-------------------------------------------
     0 | D:1      | Juicyj the Gnoll Wanderer began the quest for the Orb.
     0 | D:1      | Juicyj set off with the following items: a +2 sling, a +0
                  | pair of boots, a potion of attraction, a +0 robe; and the
                  | following spells available to memorise: Poisonous Vapours,
                  | Cigotuvi's Dreadful Rot.
     0 | D:1      | Reached XP level 1. HP: 13/13 MP: 6/6
    97 | D:1      | Reached XP level 2. HP: 19/19 MP: 7/7
   699 | D:2      | Found an ancient bone altar of Kikubaaqudgha.
   711 | D:2      | Found Duol's Weapon Boutique.
   784 | D:2      | Reached skill level 5 in Spellcasting
   784 | D:2      | Reached XP level 3. HP: 25/25 MP: 7/9
   821 | D:2      | Reached skill level 1 in Invocations
   943 | D:2      | Reached skill level 1 in Fighting
   943 | D:2      | Reached skill level 1 in Short Blades
   943 | D:2      | Reached skill level 1 in Long Blades
   943 | D:2      | Reached skill level 1 in Axes
   943 | D:2      | Reached skill level 1 in Maces & Flails
   943 | D:2      | Reached skill level 1 in Polearms
   943 | D:2      | Reached skill level 1 in Staves
   943 | D:2      | Reached skill level 1 in Throwing
   943 | D:2      | Reached skill level 1 in Armour
   943 | D:2      | Reached skill level 1 in Shields
   943 | D:2      | Reached skill level 1 in Unarmed Combat
   943 | D:2      | Reached skill level 1 in Evocations
  1322 | D:2      | Found Ocliar's Magic Scroll Shop.
  1461 | D:3      | Reached XP level 4. HP: 32/32 MP: 11/11
  1610 | D:3      | Killed from afar by an orc priest

Illustrated notes

Levels and vault maps discovered:
D:1:      dpeg_arrival_central, layout_basic, serial_glass, glass_columns_c,
          glass_columns_a, minmay_worlds_worst_comb
D:2:      layout_basic, serial_shops, shop, nicolae_lakefront_shop, basic_altar
D:3:      layout_basic, mainiacjoe_overflow_six_doors_small

Skill      XL: |  1  2  3 |
---------------+----------+-----
Poison Magic   | 2 |  2.2
Spellcasting   | 5 |  5.1
Invocations    | 1 |  1.2
Fighting       | 1 |  1.1
Short Blades   | 1 |  1.1
Long Blades    | 1 |  1.1
Axes           | 1 |  1.1
Maces & Flails | 1 |  1.1
Polearms       | 1 |  1.1
Staves         | 1 |  1.1
Throwing       | 1 |  1.1
Armour         | 1 |  1.1
Shields        | 1 |  1.1
Unarmed Combat | 1 |  1.1
Evocations     | 1 |  1.1
Ranged Weapons | |  8.5
Dodging        | |  4.6
Stealth        | |  2.5
Conjurations   | |  0.9
Hexes          | |  0.9
Summonings     | |  0.9
Necromancy     | |  0.9
Translocations | |  0.9
Transmutations | |  0.9
Fire Magic     | |  0.9
Ice Magic      | |  0.9
Air Magic      | |  0.9
Earth Magic    | |  0.9

Action                     |  1- 3 |  4- 6 || total
---------------------------+-------+-------++-------
  Melee: Dagger            |       |    12 ||    12
         Bite              |       |     2 ||     2
         Punch             |       |     1 ||     1
   Fire: Sling             |    76 |    22 ||    98
    Use: Scroll            |     5 |       ||     5
         Potion            |     2 |       ||     2
 Armour: Robe              |     7 |       ||     7
         Chain mail        |     7 |    26 ||    33
  Dodge: Dodged            |    16 |    11 ||    27

Table legend: (Time is in decaauts)
 A = Elapsed time spent in this place.
 B = Non-inter-level travel time spent in this place.
 C = Inter-level travel time spent in this place.
 D = Time resting spent in this place.
 E = Time spent auto-exploring this place.
 F = Levels seen in this place.
 G = Mean time per level.
                   A        B        C        D        E       F      G
               +--------+--------+--------+--------+--------+-----+--------+
         Total |   1625 |   1543 |     82 |      0 |   1286 |   3 |  541.7 |
       Dungeon |   1625 |   1543 |     82 |      0 |   1286 |   3 |  541.7 |
               +--------+--------+--------+--------+--------+-----+--------+

Top non-repeatable levels by time:
     D:2: 717 daAuts
     D:1: 697 daAuts
     D:3: 210 daAuts
